[Event "Budapest IM-A ONE WEEK Feb 2024"]
[Site "Budapest"]
[Date "2024.02.26"]
[Round "1.1"]
[White "Toth-Goczo, Melinda"]
[Black "Meessen, Rudolf"]
[Result "0-1"]
[ECO "A50"]
[WhiteElo "2201"]
[BlackElo "2169"]
[Annotator "RC"]
[PlyCount "122"]
[EventDate "2024.02.25"]
[EventType "tourn"]
[EventCountry "HUN"]
[SourceTitle "playchess.com"]
[Source "ChessBase"]
[SourceQuality "1"]
[TimeControl "5400+30"]

1. d4 Nf6 2. c4 b6 3. Nf3 Bb7 4. Nc3 e6 5. a3 d5 6. cxd5 Nxd5 7. Qc2 Be7 8. e4 Nxc3 9. bxc3 O-O 10. Bd3 c5 11. O-O Ba6 12. Bxa6 Nxa6 13. Rd1 Qc8 14. d5 exd5 15. exd5 h6 16. c4 Bf6 17. Bb2 Bxb2 18. Qxb2 Qf5 19. Re1 Rae8 20. Qb5 Qc8 21. Ne5 Nb8 22. d6 Re6 23. Rad1 Rd8 24. f4 Rexd6 25. Rxd6 Rxd6 26. Ng6 Nc6 27. Nh4 Re6 28. Qb1 Nd4 29. Kf2 Qe8 30. Rxe6 Qxe6 31. Qd3 Qf6 32. g3 a6 33. a4 Qe6 34. Nf3 Nxf3 35. Kxf3 f5 36. Qd8+ Kh7 37. Qd3 h5 38. h3 a5 39. g4 Kg6 40. g5 h4 41. Qe2 Qc6+ 42. Kf2 Qd7 43. Qe5 Qd2+ 44. Kf3 Qd3+ 45. Kf2 Qxc4 46. Qe8+ Qf7 47. Qc6+ Kh5 48. Qf3+ Kg6 49. Qc6+ Kh7 50. Qxb6 Qa2+ 51. Kg1 Qa1+ 52. Kg2 Qa2+ 53. Kg1 Qa3 54. Qxa5 Qg3+ 55. Kh1 Qxh3+ 56. Kg1 Qg3+ 57. Kh1 h3 58. Qd2 c4 59. a5 c3 60. Qc2 Qe1+ 61. Kh2 Qd2+ 0-1

[Event "Budapest IM-A ONE WEEK Feb 2024"]
[Site "Budapest"]
[Date "2024.02.26"]
[Round "1.2"]
[White "Horvath, David"]
[Black "Ulasevich, Sergei"]
[Result "1/2-1/2"]
[ECO "A45"]
[WhiteElo "2330"]
[BlackElo "2261"]
[Annotator "TA"]
[PlyCount "37"]
[EventDate "2024.02.25"]
[EventType "tourn"]
[EventCountry "HUN"]
[SourceTitle "playchess.com"]
[Source "ChessBase"]
[SourceQuality "1"]
[TimeControl "5400+30"]

1. d4 Nf6 2. Bg5 d5 3. e3 c5 4. Bxf6 gxf6 5. dxc5 e6 6. c4 dxc4 7. Qxd8+ Kxd8 8. Bxc4 Bxc5 9. Nc3 a6 10. Nf3 b5 11. Bd3 Bb7 12. Be4 (12. Rc1 $5) 12... Nc6 13. Nd2 f5 14. Bf3 {[%emt 0:00:51] The position is equal.} Rc8 15. Rc1 Ba7 16. a4 b4 17. Ne2 Ke7 18. O-O Rhd8 19. Rfd1 {[%emt 0:00:28] A rather calm draw.   Weighted Error Value: White=0.06 (flawless) /Black=0.07 (flawless) .  Inaccurate:     	White=2     	Black=1      OK:         	White=7     	Black=6} 1/2-1/2

[Event "Budapest IM-A ONE WEEK Feb 2024"]
[Site "Budapest"]
[Date "2024.02.26"]
[Round "1.3"]
[White "Papp, Sarah"]
[Black "Szeberenyi, Adam"]
[Result "1-0"]
[ECO "B40"]
[WhiteElo "2279"]
[BlackElo "2255"]
[Annotator "TA"]
[PlyCount "75"]
[EventDate "2024.02.25"]
[EventType "tourn"]
[EventCountry "HUN"]
[SourceTitle "playchess.com"]
[Source "ChessBase"]
[SourceQuality "1"]
[TimeControl "5400+30"]

1. e4 c5 2. Nf3 e6 3. d4 cxd4 4. Nxd4 Nf6 5. Nc3 Nc6 6. a3 d5 7. exd5 exd5 8. Bb5 Bd7 9. O-O Be7 10. Re1 O-O 11. Bg5 Re8 12. Qd3 Ng4 13. Bxe7 Rxe7 (13... Nxe7 $14 14. Qh3 Bxb5 15. Qxg4 (15. Ncxb5 Nf6 $11) 15... Bc6) 14. Nxd5 $16 Rxe1+ 15. Rxe1 Nce5 16. Qb3 {[%emt 0:03:20] Weiß steht aktiver.} Bc6 17. Nxc6 (17. Bxc6 $16 bxc6 18. Qb7 cxd5 19. h3) 17... bxc6 $14 18. h3 $1 Rb8 {[%emt 0:12:19] Weiß verwandelt nun seinen Vorteil.} (18... Qh4 $1 $14 19. hxg4 Nxg4 20. Ne7+ (20. Bxc6 $2 Qxf2+ 21. Kh1 Qxe1#) 20... Kf8) 19. hxg4 $16 Rxb5 20. Nb4 {[%emt 0:01:09] Zielt auf c4 ab.} Qd2 21. Qe3 Qxe3 22. Rxe3 {[%emt 0:00:02][%cal Oc2c4][%mdl 4096] Endspiel. Und jetzt c4! wäre schön. KRN-KRN} f6 23. b3 a5 24. Nd3 Nxg4 ({Günstiger ist} 24... Nxd3 25. Rxd3 Rc5) 25. Re4 Ne5 {[%emt 0:06:55] [#]} 26. Nxe5 Rxe5 (26... fxe5 27. Rc4 Rd5) 27. Rxe5 $18 fxe5 {[%emt 0:00:03] KP-KP} 28. b4 a4 29. f3 Kf7 30. Kf2 Ke6 31. c4 h5 32. Ke3 h4 33. Ke4 {[%emt 0:00:50] Und f4 würde nun gewinnen.} g5 {[%emt 0:00:30] [#]} 34. b5 $1 {[%emt 0:01:14] Weiß setzt Matt.} cxb5 35. cxb5 Kd6 36. b6 Kc6 37. Kxe5 Kxb6 38. Ke4 $2 {Gewichteter Fehlerwert: Weiß=0.12 (sehr präzise) /Schwarz=0.47.  Fehler:       	Weiß=1     	Schwarz=4     Ungenau:       	---       	Schwarz=1     OK:         	Weiß=5     	Schwarz=3     Bester:       	Weiß=3     	Schwarz=2     Stark:        	Weiß=1     	---} (38. Kf5 {setzt Matt} Kc5 39. Kxg5 Kc4 40. f4 (40. Kxh4 Kb3 $16) 40... Kb3 41. f5 (41. Kxh4 Kxa3 42. f5 Kb3 $16) 41... Kxa3 42. f6 (42. Kxh4 Kb3 $16) 42... Kb2 43. f7 (43. Kxh4 Kc1 $18)) 1-0

[Event "Budapest IM-A ONE WEEK Feb 2024"]
[Site "Budapest"]
[Date "2024.02.26"]
[Round "1.4"]
[White "Dudognon, Thibault"]
[Black "Jakab, Attila"]
[Result "1-0"]
[ECO "C06"]
[WhiteElo "2388"]
[BlackElo "2278"]
[Annotator "TA"]
[PlyCount "97"]
[EventDate "2024.02.25"]
[EventType "tourn"]
[EventCountry "HUN"]
[SourceTitle "playchess.com"]
[Source "ChessBase"]
[SourceQuality "1"]
[TimeControl "5400+30"]

1. e4 e6 2. d4 d5 3. Nd2 Nf6 4. e5 Nfd7 5. Bd3 c5 6. c3 Nc6 7. Ne2 cxd4 8. cxd4 f6 9. exf6 Nxf6 10. O-O Bd6 11. Nf3 Qc7 12. h3 O-O 13. Be3 Bd7 14. Re1 Be8 15. Ng5 {[%emt 0:02:19] The position is equal.} Qe7 16. Nf4 {[%emt 0:29:45] Dodges Bh5} Bxf4 17. Bxf4 Ne4 18. Bxe4 dxe4 19. Qg4 {[%emt 0:10:29] White is more active.} (19. Rxe4 $2 Rxf4 20. Rxf4 Qxg5 $19) (19. Be3 {simplifies} Bg6 20. Nxe6 Qxe6 21. d5) 19... Nxd4 20. Rxe4 Qf6 21. Bd6 (21. Nxe6 $2 Nxe6 22. Be3 Bf7 $19 (22... Qxb2 23. Qxe6+ Bf7 24. Qe5 $11)) ({Better is} 21. Be3 $14 e5 22. Bxd4 exd4 23. Qe6+ (23. Rxd4 Qxf2+ 24. Kh2 h6 $11) 23... Qxe6 24. Nxe6) 21... h5 $15 22. Qd1 $1 {[%emt 0:03:14] [#]} Qxg5 23. Bxf8 (23. Qxd4 Rd8) 23... e5 {[%emt 0:02:54] [#]} (23... Nf5 $1 $11 {and Black has nothing to worry.} 24. f4 Qg6) 24. Be7 $1 $18 Qf5 {[%emt 0:02:43] [#]} (24... Qxe7 $2 {too greedy.} 25. Qxd4 exd4 26. Rxe7 $18) 25. Rxd4 (25. Re3 $1 $18) 25... exd4 $14 26. Qxd4 Bc6 27. Qc5 Qg6 28. Qg5 Qxg5 29. Bxg5 {[%emt 0:00:05][%mdl 4096] Endgame. KRB-KRB} Re8 30. Be3 a6 31. Rd1 Re5 32. Kh2 Ra5 33. a3 Rd5 34. Rc1 Kf7 35. g4 (35. h4 $16) 35... hxg4 36. hxg4 Rd8 37. Kg3 Rh8 38. Rc5 g6 39. Rc4 Rh1 40. Rf4+ Ke6 41. Rf8 Rb1 42. Bd4 g5 43. f3 Rd1 44. Bc3 Rd7 $2 (44... Rd5 $16 45. Rf6+ Ke7) 45. Rf6+ $18 Ke7 46. Rf5 Rd5 $2 (46... Rd3 47. Bf6+ (47. Rxg5 Rxf3+ 48. Kh4 Kf8 $16) 47... Kf7) 47. Bf6+ {[%emt 0:00:35] White is clearly winning.} Ke6 48. Rxd5 ({Weaker is} 48. Bxg5 Rxf5 49. gxf5+ Kxf5 $18) 48... Bxd5 49. Bxg5 {[%emt 0:00:04] Weighted Error Value: White=0.13 (very precise) /Black=0.25 (precise) .  Loses game:     	---       	Black=2      Mistake:       	White=3     	Black=2      Inaccurate:     	---       	Black=2      OK:         	White=12    	Black=15     Best:        	White=5     	Black=2      Strong:       	White=1     	---        Brilliant:      	White=1     	---} 1-0

[Event "Budapest IM-A ONE WEEK Feb 2024"]
[Site "Budapest"]
[Date "2024.02.26"]
[Round "1.5"]
[White "Foldes, Marton Gabor"]
[Black "Fodor, Balazs"]
[Result "0-1"]
[ECO "B10"]
[WhiteElo "2119"]
[BlackElo "2215"]
[Annotator "RC"]
[PlyCount "90"]
[EventDate "2024.02.25"]
[EventType "tourn"]
[EventCountry "HUN"]
[SourceTitle "playchess.com"]
[Source "ChessBase"]
[SourceQuality "1"]
[TimeControl "5400+30"]

1. e4 c6 2. Nf3 d5 3. Nc3 dxe4 4. Nxe4 Nf6 5. Qe2 Nxe4 6. Qxe4 Nd7 7. Bc4 Nf6 8. Ne5 e6 9. Qe2 b5 10. Bb3 Qc7 11. d4 Bd6 12. O-O O-O 13. c3 c5 14. Re1 Bb7 15. Qxb5 a5 16. Qd3 cxd4 17. cxd4 a4 18. Bd1 Rfd8 19. Bf4 Bb4 20. Re3 Ba6 21. Qc2 Qxc2 22. Bxc2 Rxd4 23. Bg3 Bd2 24. Ra3 Bb5 25. Bd3 Rb4 26. Bxb5 Rxb5 27. Nc4 Bb4 28. Rd3 Nd5 29. Rad1 Bc5 30. h3 Rc8 31. b3 axb3 32. Rxb3 Rb4 33. Nd2 Ra4 34. Rc1 f5 35. Ra1 Bd4 36. Re1 f4 37. Bh4 Rxa2 38. Nf3 e5 39. Nxd4 exd4 40. Rb7 d3 41. Rd7 d2 42. Rf1 Nc3 43. Bg5 h6 44. Be7 Ne2+ 45. Kh2 Rc1 0-1

[Event "Budapest IM-A ONE WEEK Feb 2024"]
[Site "Budapest"]
[Date "2024.02.27"]
[Round "2.1"]
[White "Meessen, Rudolf"]
[Black "Fodor, Balazs"]
[Result "1/2-1/2"]
[ECO "D00"]
[WhiteElo "2169"]
[BlackElo "2215"]
[Annotator "RC"]
[PlyCount "30"]
[EventDate "2024.02.25"]
[EventType "tourn"]
[EventCountry "HUN"]
[SourceTitle "playchess.com"]
[Source "ChessBase"]
[SourceQuality "1"]
[TimeControl "5400+30"]

1. d4 d5 2. Nc3 Nf6 3. Bf4 e6 4. e3 Bb4 5. Nge2 O-O 6. a3 Be7 7. Ng3 c5 8. dxc5 Bxc5 9. Bd3 Nc6 10. O-O Bd6 11. Bxd6 Qxd6 12. Nh5 Nxh5 13. Qxh5 g6 14. Qh6 Rd8 15. Rad1 Qf8 1/2-1/2

[Event "Budapest IM-A ONE WEEK Feb 2024"]
[Site "Budapest"]
[Date "2024.02.27"]
[Round "2.2"]
[White "Jakab, Attila"]
[Black "Foldes, Marton Gabor"]
[Result "1/2-1/2"]
[ECO "E54"]
[WhiteElo "2278"]
[BlackElo "2119"]
[Annotator "TA"]
[PlyCount "40"]
[EventDate "2024.02.25"]
[EventType "tourn"]
[EventCountry "HUN"]
[SourceTitle "playchess.com"]
[Source "ChessBase"]
[SourceQuality "1"]
[TimeControl "5400+30"]

1. d4 Nf6 2. c4 e6 3. Nc3 Bb4 4. e3 O-O 5. Bd3 c5 6. Nf3 d5 7. O-O dxc4 8. Bxc4 cxd4 9. exd4 b6 10. Bg5 Bb7 11. Qd3 Nbd7 12. Rad1 Be7 13. Rfe1 h6 14. Bh4 a6 15. d5 exd5 {[%emt 0:13:57] The position is equal.} 16. Nxd5 Bxd5 17. Bxd5 Nxd5 18. Bxe7 ({Resist} 18. Qxd5 $6 Bxh4 19. Qxd7 Qxd7 20. Rxd7 Bf6 $16) 18... Nxe7 19. Qxd7 Qxd7 20. Rxd7 Ng6 {[%emt 0:01:49] A rather calm draw.   Weighted Error Value: White=0.07 (flawless) /Black=0.14 (very precise) .  Inaccurate:     	White=1     	Black=2      OK:         	White=3     	Black=1} 1/2-1/2

[Event "Budapest IM-A ONE WEEK Feb 2024"]
[Site "Budapest"]
[Date "2024.02.27"]
[Round "2.3"]
[White "Szeberenyi, Adam"]
[Black "Dudognon, Thibault"]
[Result "0-1"]
[ECO "D20"]
[WhiteElo "2255"]
[BlackElo "2388"]
[Annotator "TA"]
[PlyCount "54"]
[EventDate "2024.02.25"]
[EventType "tourn"]
[EventCountry "HUN"]
[SourceTitle "playchess.com"]
[Source "ChessBase"]
[SourceQuality "1"]
[TimeControl "5400+30"]

1. d4 d5 2. c4 dxc4 3. e3 e5 4. Bxc4 Nc6 5. Nf3 e4 6. Nfd2 (6. Qb3 $5 Nh6 7. Nfd2 $14) 6... Qg5 7. g3 Qg6 8. Nc3 {[%emt 0:01:53] The position is equal.} Nf6 9. Bb5 {[%emt 0:13:26] d5 would now be deadly.} Bd7 10. Nc4 Bd6 11. Qb3 Qf5 ({Black should play} 11... a6 $15 12. Nxd6+ cxd6) 12. Bd2 (12. Nxd6+ $11 cxd6 13. Be2) 12... O-O 13. O-O-O (13. Nxd6 $1 $11 cxd6 14. Be2) 13... a6 14. Nxd6 cxd6 15. Be2 b5 {[%emt 0:04:33][%cal Od7e6] White must now prevent ...Be6!} (15... Qxf2 $6 16. Rdf1 Qg2 17. Rfg1 $11) 16. g4 Nxg4 17. Bxg4 Qxg4 18. Qd5 Nb4 $36 {[%emt 0:18:25][%mdl 2048] Black is on the roll.} 19. Qxd6 Nd3+ 20. Kb1 {[%emt 0:00:55] [#]} b4 {[%emt 0:05:31] Black is more active.} (20... Nxf2 21. Rhg1 Nxd1 22. Rxg4 Nxc3+ 23. Bxc3 $17) ({Black should try} 20... Qe6 $1 $17 21. Qg3 b4) 21. Rhg1 $15 bxc3 22. Bxc3 (22. Rxg4 $2 Bxg4 23. Bxc3 Bxd1 $19) 22... Qf5 {[%emt 0:00:22][%mdl 8192] [#]} (22... Qe6 $2 23. Rxg7+ Kh8 24. Rg8+ Kxg8 25. Rg1+ $18) (22... Rfd8 $15 {stays ahead.} 23. d5 (23. Rxg4 Bxg4 24. Qc6 Bxd1 $17) 23... Ba4) 23. Qh6 $4 (23. Rxg7+ $1 $18 {is the narrow road to win.} Kxg7 24. Rg1+ Qg6 (24... Kh8 $2 25. d5+ f6 26. Qe7 $18) 25. d5+ (25. Rxg6+ hxg6 26. d5+ Kh6 $18) 25... f6 26. Rxg6+ (26. Qxd7+ Rf7 $18) 26... hxg6 27. Qxd7+ Rf7 28. Qe6) 23... g6 $1 $19 ({Worse is} 23... Nxf2 24. Qxg7#) 24. Rg3 (24. Qg5 $142) 24... Rac8 ({And not} 24... Qxf2 25. d5 f6 26. Rxg6+ hxg6 27. Qxg6+ Kh8 28. Qh6+ Kg8 29. Qg6+ Kh8 30. Qh6+ Kg8 31. Qg6+ $11) 25. Rdg1 {[%emt 0:00:23] [#]} (25. Qg5 $19) 25... Rxc3 $1 26. Rg5 {[%emt 0:00:03] [#]} (26. Ka1 Qxf2) 26... Rc1+ $1 27. Rxc1 Qxf2 {[%emt 0:00:03] Weighted Error Value: White=0.80/Black=0.55.  Loses game:     	---       	Black=1      Missed win:     	White=1     	---        Mistake:       	White=4     	Black=2      Inaccurate:     	White=2     	Black=1      OK:         	White=2     	Black=7      Best:        	White=2     	Black=2      Strong:       	---       	Black=1} 0-1

[Event "Budapest IM-A ONE WEEK Feb 2024"]
[Site "Budapest"]
[Date "2024.02.27"]
[Round "2.4"]
[White "Ulasevich, Sergei"]
[Black "Papp, Sarah"]
[Result "1/2-1/2"]
[ECO "B22"]
[WhiteElo "2261"]
[BlackElo "2279"]
[Annotator "TA"]
[PlyCount "120"]
[EventDate "2024.02.25"]
[EventType "tourn"]
[EventCountry "HUN"]
[SourceTitle "playchess.com"]
[Source "ChessBase"]
[SourceQuality "1"]
[TimeControl "5400+30"]

1. e4 c5 2. c3 Nf6 3. e5 Nd5 4. Nf3 Nc6 5. Bc4 Nb6 6. Bb3 c4 7. Bc2 d5 8. exd6 e5 9. d3 Qxd6 10. Na3 Be6 11. Ng5 O-O-O (11... cxd3 {seems wilder.} 12. Nb5 Qd7 13. Nxe6 fxe6 14. Qxd3 Qxd3 15. Bxd3 O-O-O) 12. Nxc4 Nxc4 13. dxc4 Qxd1+ 14. Bxd1 Bxc4 15. b3 (15. Bb3 $11 Bxb3 16. axb3) 15... Bd5 $1 $15 16. Bg4+ Kc7 17. Bf3 e4 18. Bf4+ (18. Bxe4 $2 Bxe4 19. Nxf7 (19. Nxe4 $2 Re8 $19) 19... Re8 (19... Bxg2 20. Rg1 $11) 20. Bf4+ Kc8 $19) (18. Bh5 $1 $15 f6 19. Nf7 Bxf7 20. Bxf7) 18... Bd6 $17 19. Bxd6+ (19. Bxe4 $2 {is the wrong capture.} Bxf4 20. Bxd5 Rxd5 $19) 19... Rxd6 20. Be2 (20. Bxe4 $2 {too greedy.} Bxe4 21. Nxe4 Re8 $19) 20... h6 21. Nh3 g5 {[%emt 0:00:07] Inhibits Nf4.} 22. O-O-O f5 ({Black should play} 22... Rhd8 $17 23. Rhe1 Re8) 23. c4 Be6 24. Rxd6 Kxd6 25. f4 exf3 (25... Rg8 $17 26. Rd1+ Ke7) 26. Bxf3 $11 Nd4 {[%emt 0:02:37] ...g4 would now be deadly.} 27. Bxb7 Rb8 28. Ba6 {[%emt 0:00:30] [#]} (28. Rd1 $11 Kc5 29. Bf3) 28... Rb6 $1 $17 29. Rd1 {[%emt 0:06:19] [#]} Ke5 30. Bb5 Nxb5 31. cxb5 Rxb5 {[%emt 0:00:06][%mdl 4096] Endgame. KRB-KRN} 32. Nf2 Bd5 33. g3 Be4 34. Rd8 ({Better is} 34. Rd2) 34... Rc5+ 35. Kd1 Rd5+ 36. Rxd5+ Bxd5 {[%emt 0:00:11] KB-KN} 37. Kd2 Kd4 38. Nd3 Be4 39. Nf2 Bb1 40. a3 f4 41. gxf4 gxf4 42. Ng4 h5 43. Nf6 Bg6 {[%emt 0:03:35] Threatens to win with ...f3.} 44. a4 $2 (44. b4 $15) 44... Bf7 (44... a5 $142 45. Ng8 f3) 45. b4 $19 Kc4 $2 (45... f3 $19 {...h4 is the strong threat.} 46. b5 Bb3 47. Nxh5 Bxa4) 46. b5 $11 {[%emt 0:00:02] The position is equal.} Kb4 47. Nd7 Kxa4 48. b6 axb6 (48... Bd5 {looks sharper.} 49. bxa7 Ka5 50. Nf6 Bf3) 49. Nxb6+ Kb4 {[%emt 0:01:02] Strongly threatening ...Be6.} (49... Kb5 $5 50. Nd7 $8 Bd5 $11) 50. Nd7 Bg6 51. Ke2 Bf5 52. Nf6 Bg4+ 53. Kd3 Kc5 54. Ke4 {[%emt 0:00:28] Dodges Bf3+} f3 55. Ke3 Kd6 56. Nxg4 (56. Ne4+ Ke5 $15) 56... hxg4 57. h3 gxh3 {[%emt 0:00:05] ( -> ...h2)} 58. Kxf3 h2 59. Kg2 h1=Q+ 60. Kxh1 Ke5 {And White is the lucky defender.   Weighted Error Value: White=0.27 (precise) /Black=0.21 (precise) .  Loses game:     	White=1     	---        Mistake:       	White=4     	Black=3      Inaccurate:     	White=2     	Black=2      OK:         	White=21    	Black=24     Best:        	White=9     	Black=2      Strong:       	---       	Black=2} 1/2-1/2

[Event "Budapest IM-A ONE WEEK Feb 2024"]
[Site "Budapest"]
[Date "2024.02.27"]
[Round "2.5"]
[White "Toth-Goczo, Melinda"]
[Black "Horvath, David"]
[Result "0-1"]
[ECO "C01"]
[WhiteElo "2201"]
[BlackElo "2330"]
[Annotator "TA"]
[PlyCount "64"]
[EventDate "2024.02.25"]
[EventType "tourn"]
[EventCountry "HUN"]
[SourceTitle "playchess.com"]
[Source "ChessBase"]
[SourceQuality "1"]
[TimeControl "5400+30"]

1. d4 e6 2. e4 d5 3. exd5 exd5 4. Bd3 Nf6 5. c3 Bd6 6. Qc2 h6 7. Ne2 O-O 8. Bf4 {[%emt 0:05:18] The position is equal.} Bxf4 9. Nxf4 Re8+ 10. Ne2 b6 11. O-O c5 {[%emt 0:00:18] aiming for ...c4.} 12. b3 Nc6 13. Bb5 Qd6 14. Nd2 Bg4 15. f3 Bd7 16. Bxc6 Qxc6 17. Qd3 ({White should play} 17. Rfe1 $15) 17... c4 18. bxc4 dxc4 19. Nxc4 {[%emt 0:00:09] [#]} Bf5 $1 {[%emt 0:00:07][%mdl 512] Black is more active.} 20. Qxf5 Qxc4 21. Ng3 Qxc3 22. Rad1 Rad8 23. Ne4 (23. Qd3 $142 Qb4 24. Ne4) 23... Qe3+ $17 24. Kh1 Nd5 ({Not} 24... Rxd4 25. Rde1 (25. Nxf6+ gxf6 26. Rxd4 Qxd4 $17) 25... Rdxe4 26. fxe4 $16) 25. Rfe1 Qa3 26. Rd2 $2 {[%emt 0:00:33] [#]} (26. Qg4 $17) 26... Qb4 (26... g6 $1 $19 {[%cal Rg6f5] and Black stays clearly on top.} 27. Qh3 Kg7) 27. h4 $2 {[%emt 0:01:06][%mdl 8192] [#] White does not recover from this.} (27. Rdd1 $17) 27... Rxe4 $1 $19 28. fxe4 (28. Qxe4 Qxd2) 28... Qxd2 29. Rf1 Ne3 30. Qxf7+ Kh8 31. Rg1 Qxd4 32. Qe7 Qd6 {[%emt 0:01:17] Weighted Error Value: White=0.80/Black=0.14 (very precise) .  Loses game:     	White=1     	---        Mistake:       	White=3     	Black=1      Inaccurate:     	White=1     	Black=3      OK:         	White=8     	Black=10} (32... Ng4 $142 33. Re1 Qd2 (33... Qf6 $2 34. Qxf6 gxf6 35. g3 $19) 34. Rf1 Qd3 (34... Qd6 $2 35. Qxd6 Rxd6 36. g3 $19) 35. Kg1 Qe3+ 36. Kh1 Qg3 37. Qxd8+ Kh7 38. Qh8+ Kxh8 39. Rf8+ Kh7 40. Kg1 Qe3+ (40... Qxh4 $2 41. Kf1 $19) 41. Rf2 Qxf2+ 42. Kh1 Qf1#) 0-1

[Event "Budapest IM-A ONE WEEK Feb 2024"]
[Site "Budapest"]
[Date "2024.02.27"]
[Round "3"]
[White "Dudognon, Thibault"]
[Black "Ulasevich, Sergei"]
[Result "1-0"]
[ECO "B67"]
[WhiteElo "2388"]
[BlackElo "2261"]
[Annotator "TA"]
[PlyCount "61"]
[EventDate "2024.02.25"]
[EventType "tourn"]
[EventCountry "HUN"]
[SourceTitle "playchess.com"]
[Source "ChessBase"]
[SourceQuality "1"]
[TimeControl "5400+30"]

1. e4 c5 2. Nf3 d6 3. d4 cxd4 4. Nxd4 Nf6 5. Nc3 Nc6 6. Bg5 e6 7. Qd2 a6 8. O-O-O Bd7 9. Nxc6 Bxc6 10. Qe1 Qa5 11. h4 Be7 12. f3 {[%emt 0:02:29] The position is equal.} Qc7 13. Kb1 b5 14. Ne2 O-O 15. Nd4 Rfc8 16. Bd3 b4 17. g4 a5 (17... Be8 $14) 18. h5 {[%emt 0:03:29] White is more active.} a4 19. Nxc6 (19. Qxb4 $2 Rab8 20. Qd2 (20. Qc3 $2 Qb6 $19) 20... Qb6 $19) ({Better is} 19. h6 $16 {hxg7 is the strong threat.} a3 20. Nxc6 (20. Qxb4 axb2 21. Qxb2 Rcb8 $11) (20. hxg7 Qa5 $11) 20... Qxc6 21. Bd2 (21. Qxb4 $2 Rcb8 $17)) 19... Qxc6 $11 20. h6 $1 b3 21. cxb3 $16 (21. axb3 axb3 22. cxb3 Qb6 $15) 21... axb3 22. a3 $36 {[%emt 0:01:17][%mdl 2048] Keeping Black busy. The board is on fire.} (22. axb3 Qb6 23. Rc1 Rxc1+ (23... Qxb3 24. Rxc8+ Rxc8 25. Qd1 $15) 24. Bxc1 Qxb3 $11) 22... Qc5 (22... g6 $16 23. Qb4 (23. Qh4 Qc5 $16) 23... Rcb8) 23. Be3 $1 $18 Qa5 24. hxg7 Qxe1 25. Rdxe1 Kxg7 $2 {[%emt 0:01:06] [#] This costs Black the game.} (25... Nd7 $16 26. Rc1 Kxg7) 26. e5 $1 dxe5 {[%emt 0:00:18][%cal Oe5e4] [#]} 27. g5 $1 Nd5 28. Rxh7+ (28. Bxh7 $2 {too greedy.} Nxe3 29. Rxe3 Rh8 $19 (29... Bxg5 30. Rg1 $11)) 28... Kg8 $2 {[%emt 0:01:59] [#]} (28... Kf8 29. g6 fxg6 30. Bh6+ (30. Bxg6 Nxe3 31. Rxe3 Bd8 $18) 30... Ke8 31. Bb5+ (31. Bxg6+ Kd7 $18) 31... Kd8) 29. Reh1 $1 {[%emt 0:02:16] Threatening mate with Rh8+.} f5 (29... Bxg5 30. Bxg5) 30. gxf6 $1 Nxe3 31. Rg7+ {Weighted Error Value: White=0.06 (flawless) /Black=0.54.  Loses game:     	---       	Black=1      Mistake:       	White=1     	Black=4      Inaccurate:     	White=1     	Black=1      OK:         	White=3     	Black=6      Best:        	White=2     	---        Strong:       	White=4     	---        Brilliant:      	White=1     	---} 1-0

[Event "Budapest IM-A ONE WEEK Feb 2024"]
[Site "Budapest"]
[Date "2024.02.27"]
[Round "3"]
[White "Horvath, David"]
[Black "Meessen, Rudolf"]
[Result "1/2-1/2"]
[ECO "E67"]
[WhiteElo "2330"]
[BlackElo "2169"]
[Annotator "TA"]
[PlyCount "35"]
[EventDate "2024.02.25"]
[EventType "tourn"]
[EventCountry "HUN"]
[SourceTitle "playchess.com"]
[Source "ChessBase"]
[SourceQuality "1"]
[TimeControl "5400+30"]

1. d4 g6 2. c4 Bg7 3. Nf3 d6 4. g3 Nf6 5. Bg2 O-O 6. O-O Nbd7 7. Nc3 e5 8. Qc2 exd4 9. Nxd4 Nb6 10. Rd1 Nxc4 11. Ncb5 a6 12. Qxc4 axb5 13. Nxb5 {[%emt 0:02:13] The position is equal.} Ne8 14. Qc2 c6 15. Nxd6 Nxd6 16. Bf4 $1 Qb6 17. Bxd6 Re8 18. Ba3 {[%emt 0:25:03] An uneventful encounter.   Weighted Error Value: White=0.00 (flawless) /Black=0.00 (flawless) .  OK:         	White=2     	Black=2      Strong:       	White=1     	---} 1/2-1/2